Map: Site Delta LE

Players

Ryung - Winner!

  • Race: Terran Terran
  • Spawn Location: 5:00

Epic

  • Race: Terran Terran
  • Spawn Location: 11:00

Event: ESL Spring 2024 Finals

VOD

Have the link to the VOD?

Description

Time

  • Played on: May 31, 2024, 1:21 p.m.
  • Length: 13:52

All games in this series

Show
View Real Time Build Order
Export as new Build Order

Ryung Terran - Winner!

Build Orders: Cyclone Opening, Reaper Expand 

Get SALT Encoding   

  12  0:00  SCV  
  13  0:12  SCV  
  14  0:17  Supply Depot  
  14  0:24  SCV  
  15  0:38  SCV  
  15  0:40  Barracks  
  16  0:43  Refinery  
  16  0:50  SCV  
  17  1:03  SCV  
  18  1:15  SCV  
  19  1:27  Orbital Command, Reaper  
  20  1:39  Command Center  
  20  1:53  SCV  
  20  1:54  Supply Depot  
  21  1:59  Marine  
  22  2:05  SCV  
  22  2:07  Factory  
  23  2:17  SCV, Marine  
  23  2:21  Refinery  
  25  2:29  SCV  
  26  2:36  Marine  
  27  2:41  SCV  
  28  2:51  Cyclone  
  30  2:52  Orbital Command, Starport  
  30  2:53  SCV  
  31  3:01  Barracks Reactor  
  31  3:05  SCV, Refinery  
  32  3:17  SCV  
  32  3:19  SCV  
  34  3:23  Factory Tech Lab  
  34  3:25  Supply Depot  
  34  3:28  Starport Tech Lab  
  34  3:29  SCV  
  34  3:31  SCV  
  36  3:39  Marine x2  
  38  3:42  SCV, Siege Tank  
  38  3:43  SCV  
  43  3:51  Raven  
  43  3:54  SCV  
  46  3:56  SCV  
  46  3:58  Supply Depot  
  47  4:08  Command Center  
  47  4:09  SCV x2  
  48  4:14  Siege Tank  
  48  4:16  Marine x2  
  53  4:22  Supply Depot  
  53  4:25  Raven, SCV  
  53  4:28  SCV  
  57  4:31  Interference Matrix  
  57  4:37  SCV  
  58  4:40  SCV, Refinery  
  59  4:48  Siege Tank  
  59  4:49  SCV  
  59  4:52  Supply Depot  
  63  4:53  SCV  
  63  4:54  Supply Depot  
  64  5:01  Marine x2  
  64  5:02  SCV  
  64  5:05  Raven, SCV  
  70  5:14  SCV  
  70  5:17  SCV  
  71  5:23  Orbital Command  
  71  5:26  SCV  
  71  5:27  Barracks  
  71  5:28  Barracks, Factory Reactor  
  72  5:29  SCV  
  72  5:32  Marine  
  74  5:37  Engineering Bay  
  74  5:38  SCV, Engineering Bay  
  74  5:41  SCV  
  76  5:45  Starport Reactor  
  50  5:50  Orbital Command, SCV  
  77  5:53  SCV  
  77  5:54  Marine  
  79  6:00  Supply Depot, Barracks  
  79  6:01  Supply Depot  
  79  6:03  Barracks  
  79  6:06  Terran Infantry Weapons Level 1, Terran Infantry Armor Level 1  
  79  6:07  SCV x2  
  81  6:11  Supply Depot  
  84  6:18  Siege Tank  
  84  6:23  Marine x4  
  86  6:26  SCV x2  
  86  6:29  Medivac  
  86  6:30  Medivac  
  87  6:44  Marine  
  87  6:45  Marine  
  87  6:47  Barracks Tech Lab  
  87  6:50  SCV x2  
  89  6:57  Missile Turret  
  89  6:59  Viking  
  89  7:00  Viking  
  93  7:01  SCV, Refinery x2  
  93  7:02  SCV x2  
  93  7:04  Sensor Tower  
  93  7:06  Stimpack  
  96  7:12  Barracks  
  96  7:13  SCV  
  96  7:14  SCV  
  98  7:17  Missile Turret  
  98  7:22  Barracks Tech Lab  
  98  7:24  SCV  
  98  7:25  SCV  
  98  7:26  SCV  
  101  7:32  Medivac x2  
  101  7:35  Armory  
  105  7:39  SCV x3  
  105  7:41  Siege Tank  
  105  7:42  Combat Shield  
  110  7:52  Supply Depot, Command Center  
  110  7:54  Supply Depot  
  110  7:58  Marine x3  
  110  7:59  Marine x2  
  110  8:00  Marine  
  110  8:02  Barracks Reactor  
  110  8:04  SCV  
  110  8:05  SCV  
  117  8:14  Siege Tank  
  117  8:16  Marine x4  
  117  8:17  Marine x2  
  126  8:22  Supply Depot  
  126  8:24  Supply Depot  
  126  8:32  SCV x2  
  126  8:34  Marine x4, Terran Infantry Armor Level 2, Terran Infantry Weapons Level 2  
  128  8:35  Marine  
  128  8:40  Factory  
  133  8:42  Supply Depot  
  133  8:44  Marine  
  134  8:51  Siege Tank  
  136  8:55  Marine x2  
  136  8:56  Marine x3  
  136  8:58  Marine  
  136  9:01  Liberator x2, Marine  
  136  9:13  Marine x4  
  136  9:14  Marine  
  136  9:15  Marine  
  141  9:19  Marine  
  142  9:25  Siege Tank, Barracks Reactor  
  145  9:31  Marine x4  
  145  9:32  Marine  
  145  9:33  Marine, Terran Vehicle Weapons Level 1, Sensor Tower  
  145  9:36  Supply Depot  
  145  9:37  Supply Depot, Marine  
  152  9:41  Siege Tank  
  154  9:49  Marine x5  
  154  9:51  Marine  
  158  9:55  Marine  
  158  9:57  Siege Tank  
  162  10:02  Marine x2  
  163  10:07  Marine x5  
  163  10:08  Medivac x2  
  163  10:09  Marine  
  163  10:10  SCV x3  
  163  10:13  Siege Tank, Marine  
  180  10:20  Marine x2  
  176  10:24  SCV, Marine x2  
  176  10:25  Planetary Fortress, SCV x2, Marine x3  
  176  10:27  Marine  
  185  10:30  Marine  
  184  10:37  Barracks x3  
  184  10:38  Marine x2  
  184  10:42  Marine x2  
  186  10:45  Sensor Tower  
  188  11:02  Command Center  
  188  11:03  Terran Infantry Armor Level 3, Terran Infantry Weapons Level 3  
  188  11:08  Supply Depot  
  188  11:09  Supply Depot  
  188  11:11  Missile Turret  
  188  11:24  Supply Depot  
  188  11:25  Barracks Reactor x2  
  188  11:26  Supply Depot, SCV, Marine x4, Barracks Reactor, Siege Tank  
  188  11:30  SCV, Siege Tank  
  188  11:31  SCV  
  188  11:32  Marine x4  
  191  11:38  SCV  
  196  11:41  Marine  
  196  11:44  Marine x3  
  200  11:58  Siege Tank  
  179  12:02  Siege Tank  
  179  12:03  Marine x4  
  179  12:04  Marine, Viking x2  
  179  12:05  Marine  
  179  12:07  Command Center  
  190  12:09  Refinery x2  
  190  12:10  Marine x3  
  190  12:14  Marine x3  
  190  12:15  Marine  
  197  12:17  Marine  
  197  12:18  Marine  
  197  12:20  Marine  
  197  12:21  Marine  
  193  12:25  Marine x4  
  193  12:28  Marine x3  
  187  12:31  Siege Tank  
  187  12:34  Siege Tank, Marine x3  
  187  12:36  Medivac x2  
  198  12:44  Command Center  
  198  12:59  Command Center  
  198  13:08  Marine x2  
  190  13:14  Marine x13  
  190  13:19  Siege Tank  
  189  13:26  Marine x2  
  187  13:31  Marine  
  187  13:32  Marine x12  
  200  13:40  Command Center  
Show
View Real Time Build Order
Export as new Build Order

Epic Terran 

Build Orders:  

Get SALT Encoding   

  12  0:00  SCV  
  13  0:12  SCV  
  14  0:17  Supply Depot  
  14  0:24  SCV  
  15  0:38  SCV  
  15  0:39  Barracks  
  16  0:42  Refinery  
  16  0:50  SCV  
  16  0:55  Refinery  
  17  1:02  SCV  
  18  1:14  SCV  
  19  1:26  Orbital Command, Reaper  
  19  1:27  Supply Depot  
  20  1:41  Factory  
  20  1:52  SCV  
  21  1:58  Reaper  
  22  2:04  SCV  
  23  2:15  Command Center  
  23  2:19  SCV  
  24  2:24  Hellion  
  26  2:33  SCV  
  26  2:34  Starport  
  25  2:45  SCV, Barracks Reactor  
  25  2:47  Supply Depot  
  25  2:48  Factory Tech Lab  
  26  2:57  SCV  
  26  3:09  SCV  
  26  3:11  Siege Tank  
  30  3:20  Marine x2  
  30  3:21  SCV  
  30  3:24  Refinery  
  33  3:28  Orbital Command  
  33  3:31  Medivac  
  35  3:34  SCV  
  35  3:38  Marine x2  
  38  3:46  SCV  
  41  3:51  Siege Tank  
  41  3:53  SCV  
  43  3:57  Marine x2  
  43  3:58  SCV  
  46  4:08  Medivac  
  48  4:10  SCV x2  
  48  4:12  Supply Depot  
  50  4:19  Marine x2  
  50  4:22  SCV  
  50  4:23  SCV  
  54  4:29  Barracks  
  54  4:30  Factory Tech Lab  
  54  4:35  Supply Depot  
  54  4:38  SCV x2  
  56  4:48  Starport Reactor  
  56  4:51  Siege Tank  
  56  4:52  SCV x2  
  61  4:54  Barracks  
  61  4:56  Marine, Stimpack  
  61  4:58  Starport Reactor, Engineering Bay  
  62  5:04  SCV x2  
  62  5:06  Supply Depot  
  64  5:14  Marine  
  64  5:16  SCV x2  
  64  5:18  Barracks Reactor  
  67  5:24  Terran Infantry Weapons Level 1, Siege Tank  
  70  5:28  SCV  
  70  5:29  SCV  
  70  5:32  Marine  
  70  5:34  Supply Depot  
  70  5:35  Medivac  
  75  5:40  Medivac  
  75  5:41  SCV  
  78  5:45  Supply Depot  
  78  5:49  Marine x2  
  78  5:55  Supply Depot, SCV, Marine x3  
  78  5:57  Siege Tank  
  85  6:05  Command Center  
  85  6:11  Marine x2  
  87  6:13  Marine x3  
  87  6:17  Medivac  
  92  6:28  Marine x2  
  92  6:31  Marine x2, Medivac  
  98  6:36  Combat Shield  
  98  6:38  Supply Depot  
  98  6:44  Marine  
  98  6:46  Marine x2  
  88  6:47  Siege Tank  
  88  6:49  Marine  
  88  6:50  SCV x2  
  88  6:51  Refinery  
  94  7:02  Marine x2, Barracks, Medivac  
  94  7:04  Marine x2, Barracks  
  94  7:06  Marine  
  101  7:12  Supply Depot, SCV x2  
  103  7:16  Supply Depot  
  103  7:19  Marine, Medivac  
  103  7:20  Reaper  
  103  7:22  Marine x2  
  109  7:23  Orbital Command  
  109  7:24  Marine  
  109  7:25  SCV x2  
  112  7:31  Siege Tank  
  115  7:37  Marine  
  115  7:39  SCV x2  
  115  7:40  Marine x2  
  115  7:41  Medivac  
  115  7:42  Marine  
  123  7:47  Supply Depot  
  123  7:48  Terran Infantry Armor Level 1  
  123  7:49  SCV  
  123  7:51  SCV x2  
  126  7:52  Marine, Barracks Reactor  
  126  7:55  Marine  
  126  7:58  Barracks Reactor  
  128  7:59  Supply Depot x2  
  128  8:01  SCV  
  128  8:03  SCV x2  
  131  8:05  Marine  
  131  8:06  Marine x2  
  131  8:10  Marine  
  135  8:16  Siege Tank  
  135  8:17  SCV x3  
  140  8:24  Armory  
  140  8:25  Command Center  
  140  8:30  Marine x6, Engineering Bay  
  146  8:38  SCV x3  
  146  8:40  Refinery x2  
  149  8:41  Supply Depot  
  149  8:43  Supply Depot  
  149  8:44  Marine x3  
  142  9:00  Siege Tank, Marine x6  
  142  9:01  Marine  
  142  9:02  Marine x2  
  128  9:04  Medivac x2  
  129  9:14  Factory, Terran Infantry Weapons Level 2  
  129  9:17  Marine  
  129  9:18  SCV x3  
  129  9:19  Marine  
  129  9:20  Marine x2  
  129  9:24  Marine x2  
  137  9:28  Marine x3  
  137  9:30  SCV x2  
  137  9:31  SCV  
  144  9:35  Siege Tank, Marine  
  144  9:37  Terran Vehicle Weapons Level 1  
  148  9:41  Planetary Fortress  
  148  9:42  SCV  
  148  9:45  SCV x2  
  135  9:54  SCV, Marine x9  
  134  10:08  Factory Tech Lab  
  134  10:09  SCV x3  
  135  10:19  SCV  
  135  10:21  SCV x2  
  132  10:22  Marine x9  
  139  10:30  Terran Infantry Armor Level 2  
  139  10:31  SCV  
  140  10:37  SCV x3  
  140  10:38  Medivac x2  
  140  10:40  Marine x4  
  140  10:42  Siege Tank x2  
  157  10:43  SCV  
  157  10:49  Marine x5  
  159  10:56  SCV x3  
  166  10:57  Marine  
  166  10:58  Marine x3  
  166  11:01  Supply Depot  
  170  11:07  Marine x5  
  170  11:10  Medivac x2  
  179  11:15  Marine x2  
  181  11:19  Barracks  
  181  11:20  Siege Tank x2  
  181  11:21  Barracks x2  
  187  11:26  Missile Turret  
  187  11:33  Marine x9  
  196  11:45  Viking  
  196  11:46  Viking  
  194  11:51  Marine x2  
  194  11:53  Command Center  
  157  12:07  Siege Tank x2, Barracks Reactor  
  157  12:08  Barracks Reactor x2  
  156  12:13  Marine  
  156  12:14  Marine x5  
  162  12:17  Marine x3  
  162  12:22  Medivac x2  
  127  12:32  Marine x6  
  127  12:35  Marine x3  
  134  12:46  Marine x6  
  134  12:50  Siege Tank, Marine x3  
  146  12:54  Siege Tank  
  146  12:55  Medivac  
  146  12:56  Medivac  
  153  13:07  Command Center  
  150  13:14  Marine x8  
  150  13:15  Marine  
  134  13:31  Marine x6  
Tags
 
Add a new tag
Caveats
  • Supply blocks, unpowered buildings, or Contaminate may cause inaccurate times.
  • Supply counts are checked every 10 seconds.